 Dungeon Sprint DCSS version 0.30.1-6-gbe392663c4 (webtiles) character file.

Game seed: 7301224900270250427

24026 Heoruswealwe the Minotaur Porcupine (level 12, -41/134 HPs)
             Began as a Minotaur Fighter on Sept 21, 2023.
             Was the Champion of the Shining One.
             Annihilated by Agnes
             ... wielding a +0 lajatang
              (42 damage)
             ... in the Dungeon (Sprint IX: "|||||||||||||||||||||||||||||").
             The game lasted 00:33:16 (2716 turns).

Heoruswealwe the Minotaur Porcupine (MiFi)          Turns: 2716, Time: 00:33:16

Health: -41/134    AC: 25    Str: 25    XL:     12   Next: 77%
Magic:  11/11      EV:  9    Int:  5    God:    the Shining One [******]
Gold:   94         SH:  0    Dex: 11    Spells: 11/11 levels left

rFire   . . .        b - +2 halberd (venom)
rCold   . . .        (shield currently unavailable)
rNeg    + + +        c - +0 storm dragon scales
rPois   +            (helmet restricted)
rElec   +            h - +0 cloak
rCorr   +            f - +1 pair of gloves
SInv    .            e - +0 pair of boots
Will    .....        i - amulet of regeneration Stlth
                     k - ring of poison resistance
HPRegen 1.22/turn    j - ring of resist corrosion
MPRegen 0.12/turn

%: no teleportation
@: hasted, glowing, very quick
A: horns 2, retaliatory headbutt
a: Renounce Religion, Divine Shield, Cleansing Flame, Summon Divine Warrior,
Brand Weapon With Holy Wrath


You were in the Dungeon.
You worshipped the Shining One.
The Shining One was exalted by your worship.
You visited 1 branch You collected 1931 gold pieces.
You spent 1837 gold pieces at shops.

Inventory:

Hand Weapons
 a - a +0 trident
 b - a +2 halberd of venom (weapon)
 u - a +0 glaive
 v - a +0 halberd
 y - a +1 glaive
Armour
 c - +0 storm dragon scales (worn)
 d - a +1 tower shield
 e - a +0 pair of boots (worn)
 f - a +1 pair of gloves (worn)
 h - a +0 cloak (worn)
 z - a +2 plate armour of cold resistance
Jewellery
 g - a ring of protection from fire
 i - an amulet of regeneration (around neck)
 j - a ring of resist corrosion (right hand)
 k - a ring of poison resistance (left hand)
 w - a ring of protection from fire
Wands
 t - a wand of light (10)
Scrolls
 m - 12 scrolls of enchant weapon
 o - a scroll of identify
 q - 2 scrolls of enchant armour
Potions
 l - a potion of might
 n - 2 potions of mutation
 x - a potion of berserk rage
 B - a potion of flight


   Skills:
 + Level 20.4 Fighting
 O Level 27 Polearms
 + Level 20.3 Armour
 - Level 3.6 Shields


You had 11 spell levels left.
You didn't know any spells.
Your spell library was empty.

Dungeon Overview and Level Annotations

Branches:
Dungeon (1/1)

Altars:
Cheibriados
Dithmenos
Elyvilon
Fedhas
Gozag
Hepliaklqana
Kikubaaqudgha
Makhleb
Nemelex Xobeh
Okawaru
Qazlal
Ru
Sif Muna
Trog
Uskayaw
Vehumet
Wu Jian
Xom
Yredelemnul
Zin
The Shining One
Jiyva
Lugonu

Shops:
D [=![

Annotations:
D Agnes


Innate Abilities, Weirdness & Mutations

You have a pair of horns on your head.
You reflexively headbutt those who attack you in melee.


Message History

You destroy the fire elemental!
You slice the fire elemental like a ripe choko!!!
You destroy the fire elemental!
Things that are here:
a +3 scimitar of flaming; a potion of brilliance A hell hound comes into view.
The hell hound barks!
The hell hound barely misses you. You furiously retaliate!
You headbutt the hell hound! You barely miss the hell hound.
You headbutt the hell hound!
The hell hound is almost dead.
The hell hound barely misses you.
You puncture the hell hound!
You kill the hell hound!
The Shining One accepts your kill.
You feel better.
You start resting.
HP restored.
Agnes the Wanderer comes into view.
She is wielding a +0 lajatang.
Agnes shouts!
Agnes drinks a potion.
Agnes goes berserk!
You closely miss Agnes. Your headbutt misses Agnes.
Agnes hits you with a +0 lajatang!! x2
You completely miss Agnes. Agnes hits you with a +0 lajatang!!!
Agnes completely misses you.
You barely miss Agnes. Agnes hits you but does no damage.
Agnes barely misses you.
You hit Agnes.
Agnes is lightly wounded.
Agnes hits you with a +0 lajatang!
* * * LOW HITPOINT WARNING * * *
Agnes hits you with a +0 lajatang!!
* * * LOW HITPOINT WARNING * * *
You feel yourself speed up. Agnes hits you with a +0 lajatang!!
The Shining One protects you from harm! Agnes hits you with a +0 lajatang!
* * * LOW HITPOINT WARNING * * *
Okay, then.
Agnes hits you with a +0 lajatang!!!
You die...

▓_▓.▓.▓.▓.▓.▓[▓.♣
▓_▓.▓.▓.▓.▓.▓.▓.♣
▓_▓.▓.▓.▓.▓.▓.▓.♣
▓_▓.▓.▓.▓.▓.▓[▓.▓
▓_▓.▓.▓.▓[▓.▓[▓.▓
▓_▓.▓.▓.▓)▓.▓[▓.▓
▓_▓.▓.▓.▓.▓.▓[▓.▓
▓_▓.▓.▓.▓.▓.▓.▓i▓
▓_▓.▓.▓.▓.▓)▓[▓@▓
▓_▓.▓†▓.▓.▓.▓[▓.▓
▓_▓.▓.▓.▓.▓.▓.▓.▓
▓_▓.▓.▓.▓.▓.▓!▓.▓
▓_▓.▓.▓.▓.▓.▓!▓.▓
▓_▓.▓.▓.▓.▓.▓.▓.▓
▓_▓.▓.▓.▓.▓(▓.▓.▓
▓_▓.▓.▓.▓.▓.▓)▓.▓
▓_▓.▓.▓.▓.▓.▓(▓.▓


You could see Agnes (berserk).

Vanquished Creatures
  A frost giant (D)
  3 stone giants (D)
  Azrael (D)
  A hydra (D)
  A rakshasa (D)
  Harold (D)
  3 centaur warriors (D)
  A tengu warrior (D)
  A deep troll earth mage (D)
  2 orc high priests (D)
  A wizard (D)
  6 orc knights (D)
  A deep elf pyromancer (D)
  2 cyclopes (D)
  3 orc sorcerers (D)
  2 black mambas (D)
  4 cane toads (D)
  An unseen horror (D)
  4 komodo dragons (D)
  2 polar bears (D)
  A blink frog (D)
  A shadow (D)
  3 fire elementals (D)
  3 yaks (D)
  Grum (D)
  2 basilisks (D)
  A vampire mosquito (D)
  3 water moccasins (D)
  3 hell hounds (D)
  12 orc warriors (D)
  6 black bears (D)
  A centaur (D)
  2 wolves (D)
  A kobold brigand (D)
  A gnoll sergeant (D)
  A scorpion (D)
  A killer bee (D)
  A howler monkey (D)
  A hound (D)
  An orc priest (D)
  An iguana (D)
  3 orc wizards (D)
  An adder (D)
  A gnoll (D)
  13 orcs (D)
  A ball python (D)
  A hobgoblin (D)
  3 frilled lizards (D)
111 creatures vanquished.

Vanquished Creatures (others)
  A frost giant (D)
1 creature vanquished.

Grand Total: 112 creatures vanquished

Notes
Turn   | Place    | Note
-------+----------+-------------------------------------------
     0 | D        | Heoruswealwe the Minotaur Fighter began the quest for the
                  | Orb.
     0 | D        | Reached XP level 1. HP: 19/19 MP: 0/0
    11 | D        | Reached skill level 3 in Polearms
    25 | D        | Noticed a hound
    25 | D        | Noticed an iguana
    28 | D        | Reached skill level 4 in Polearms
    28 | D        | Reached XP level 2. HP: 23/28 MP: 1/1
    33 | D        | Reached skill level 5 in Fighting
    33 | D        | Reached skill level 6 in Polearms
    33 | D        | Reached skill level 5 in Armour
    33 | D        | Reached XP level 3. HP: 32/36 MP: 2/2
    40 | D        | Reached skill level 7 in Polearms
    40 | D        | Reached XP level 4. HP: 23/44 MP: 3/3
    48 | D        | Found a snail-covered altar of Cheibriados.
    48 | D        | Found a shadowy altar of Dithmenos.
    48 | D        | Found a white marble altar of Elyvilon.
    48 | D        | Found a blossoming altar of Fedhas.
    48 | D        | Found an opulent altar of Gozag.
    49 | D        | Found a hazy altar of Hepliaklqana.
    50 | D        | Found a viscous altar of Jiyva.
    51 | D        | Found an ancient bone altar of Kikubaaqudgha.
    52 | D        | Found a corrupted altar of Lugonu.
    53 | D        | Found a burning altar of Makhleb.
    54 | D        | Found a sparkling altar of Nemelex Xobeh.
    55 | D        | Found an iron altar of Okawaru.
    56 | D        | Found a stormy altar of Qazlal.
    57 | D        | Found a sacrificial altar of Ru.
    58 | D        | Found a shimmering blue altar of Sif Muna.
    59 | D        | Found a bloodstained altar of Trog.
    60 | D        | Found a hide-covered altar of Uskayaw.
    61 | D        | Found a radiant altar of Vehumet.
    62 | D        | Found an ornate altar of the Wu Jian Council.
    63 | D        | Found a shimmering altar of Xom.
    64 | D        | Found a basalt altar of Yredelemnul.
    65 | D        | Found a glowing silver altar of Zin.
    66 | D        | Found a glowing golden altar of the Shining One.
    74 | D        | Became a worshipper of the Shining One
   120 | D        | Noticed a kobold brigand
   120 | D        | Noticed a shadow
   120 | D        | Reached * piety under the Shining One
   120 | D        | Noticed a centaur
   122 | D        | Killed a kobold brigand
   123 | D        | Reached skill level 9 in Polearms
   123 | D        | Reached XP level 5. HP: 49/52 MP: 4/4
   130 | D        | Killed a shadow
   131 | D        | Reached skill level 11 in Polearms
   131 | D        | Reached XP level 6. HP: 54/62 MP: 5/5
   132 | D        | Reached skill level 12 in Polearms
   135 | D        | Noticed an unseen horror
   135 | D        | Reached ** piety under the Shining One
   137 | D        | Killed an unseen horror
   138 | D        | Reached skill level 10 in Fighting
   138 | D        | Reached skill level 13 in Polearms
   138 | D        | Reached skill level 10 in Armour
   138 | D        | Reached XP level 7. HP: 59/73 MP: 6/6
   179 | D        | Noticed a deep elf pyromancer
   179 | D        | Noticed a centaur warrior
   179 | D        | Noticed a cyclops
   179 | D        | Noticed a vampire mosquito
   179 | D        | Reached *** piety under the Shining One
   183 | D        | Reached skill level 14 in Polearms
   188 | D        | Killed a deep elf pyromancer
   189 | D        | Reached skill level 15 in Polearms
   189 | D        | Reached XP level 8. HP: 29/82 MP: 7/7
   191 | D        | Killed a centaur warrior
   192 | D        | Reached skill level 16 in Polearms
   194 | D        | Killed a cyclops
   195 | D        | Reached skill level 17 in Polearms
   195 | D        | Reached XP level 9. HP: 28/92 MP: 8/8
   483 | D        | Noticed a black mamba
   483 | D        | Noticed a komodo dragon
   483 | D        | Noticed a cane toad
   483 | D        | Reached **** piety under the Shining One
   485 | D        | Noticed a komodo dragon
   487 | D        | Killed a black mamba
   488 | D        | Reached skill level 18 in Polearms
   492 | D        | Killed a komodo dragon
   498 | D        | Killed a cane toad
   501 | D        | Noticed a komodo dragon
   509 | D        | Reached skill level 19 in Polearms
   519 | D        | Killed a komodo dragon
   520 | D        | Reached XP level 10. HP: 25/104 MP: 9/9
   756 | D        | Noticed a black mamba
   756 | D        | Reached ***** piety under the Shining One
   756 | D        | Noticed a cane toad
   756 | D        | Noticed a cane toad
   756 | D        | Noticed a cane toad
   766 | D        | Killed a black mamba
   767 | D        | Reached skill level 20 in Polearms
   771 | D        | Reached skill level 15 in Fighting
   771 | D        | Reached skill level 15 in Armour
   771 | D        | Killed a cane toad
   773 | D        | Killed a cane toad
   775 | D        | Killed a cane toad
   922 | D        | Reached skill level 21 in Polearms
  1093 | D        | Noticed a stone giant
  1104 | D        | Killed a stone giant
  1105 | D        | Reached skill level 22 in Polearms
  1105 | D        | Reached XP level 11. HP: 115/115 MP: 10/10
  1111 | D        | Reached ****** piety under the Shining One
  1153 | D        | Noticed an orc knight
  1164 | D        | Killed an orc knight
  1314 | D        | Found Bukacvali's Antique Armour Emporium.
  1314 | D        | Noticed an orc knight
  1314 | D        | Noticed an orc knight
  1314 | D        | Noticed an orc sorcerer
  1314 | D        | Noticed an orc high priest
  1314 | D        | Noticed an orc high priest
  1320 | D        | Killed an orc knight
  1326 | D        | Noticed an orc knight
  1330 | D        | Killed an orc knight
  1331 | D        | Reached skill level 23 in Polearms
  1331 | D        | Found Mauvoene's Jewellery Shoppe.
  1336 | D        | Killed an orc sorcerer
  1342 | D        | Killed an orc high priest
  1347 | D        | Noticed a sixfirhy
  1349 | D        | Noticed an orc sorcerer
  1351 | D        | Found Dud Tieb's Distillery.
  1355 | D        | Killed an orc high priest
  1364 | D        | Killed an orc knight
  1380 | D        | Killed an orc sorcerer
  1402 | D        | Found Pinweev's Antique Armour Shoppe.
  1407 | D        | Noticed an orc sorcerer
  1407 | D        | Noticed an orc knight
  1415 | D        | Killed an orc sorcerer
  1416 | D        | Reached skill level 24 in Polearms
  1426 | D        | Killed an orc knight
  1475 | D        | Bought a runed plate armour for 468 gold pieces
  1481 | D        | Bought a ring of poison resistance for 220 gold pieces
  1481 | D        | Bought an amulet of regeneration for 330 gold pieces
  1491 | D        | Bought a potion of attraction for 36 gold pieces
  1491 | D        | Bought a potion of curing for 36 gold pieces
  1491 | D        | Bought a potion of haste for 120 gold pieces
  1491 | D        | Bought a potion of mutation for 96 gold pieces
  1491 | D        | Bought a potion of flight for 36 gold pieces
  1527 | D        | Bought a ring of protection from fire for 275 gold pieces
  1527 | D        | Bought a ring of resist corrosion for 220 gold pieces
  1556 | D        | Noticed Grum
  1565 | D        | Killed Grum
  1589 | D        | Noticed Harold
  1600 | D        | Killed Harold
  1723 | D        | Noticed a wizard
  1723 | D        | Noticed an orc knight
  1723 | D        | Noticed a centaur warrior
  1723 | D        | Noticed a six-headed hydra
  1729 | D        | Killed a wizard
  1733 | D        | Noticed a centaur warrior
  1737 | D        | Killed an orc knight
  1738 | D        | Reached XP level 12. HP: 88/128 MP: 11/11
  1743 | D        | Killed a centaur warrior
  1744 | D        | Reached skill level 25 in Polearms
  1749 | D        | Noticed a deep troll earth mage
  1753 | D        | Killed a ten-headed hydra
  1754 | D        | Noticed a rakshasa
  1758 | D        | Noticed a stone giant
  1765 | D        | Killed a centaur warrior
  1772 | D        | Killed a deep troll earth mage
  1783 | D        | Killed a rakshasa
  1788 | D        | Killed a stone giant
  1789 | D        | Reached skill level 26 in Polearms
  1799 | D        | Noticed a stone giant
  1810 | D        | Killed a stone giant
  1932 | D        | Noticed a frost giant
  1932 | D        | Noticed a frost giant
  1933 | D        | Noticed a tengu warrior
  1939 | D        | HP: 6/130 [frost giant/bolt of cold (38)]
  1940 | D        | Killed a frost giant
  1940 | D        | The Shining One protects you from harm!
  1957 | D        | Killed a frost giant
  1957 | D        | The Shining One protects you from harm!
  1967 | D        | Killed a tengu warrior
  2652 | D        | Noticed Azrael
  2668 | D        | Killed Azrael
  2669 | D        | Reached skill level 27 in Polearms
  2708 | D        | Noticed Agnes
  2715 | D        | The Shining One protects you from harm!
  2715 | D        | HP: 1/134 [Agnes/+0 lajatang (14)]
  2716 | D        | Annihilated by Agnes

Illustrated notes

Levels and vault maps discovered:
D:        linesprint [early_d, line_temple, items_1, d_10, items_2, lair_1,
          lair_end, items_3, orc_1, orc_end, items_4, d_15, swamp_1, shoals_1,
          snake_1, spider_1, d_20, vaults_1, items_5, swamp_end, shoals_end,
          snake_end, spider_end, vaults_end, d_27, items_6, zot_1, zot_end,
          crypt_end, forest_end, elf_end, slime_end, tomb_end, abyss_end,
          pan_hell_end]

Skill      XL: |  1  2  3  4  5  6  7  8  9 10 11 12 |
---------------+-------------------------------------+-----
Polearms       | 4 6 7 9 11 13 15 17 19 22 24 27 | 27.0
Fighting       | 4 5 6 7 8 10 11 12 14 16 18 20 | 20.4
Armour         | 4 5 6 7 8 10 11 12 14 16 18 20 | 20.3
Shields        | |  3.6

Action                     |  1- 3 |  4- 6 |  7- 9 | 10-12 || total
---------------------------+-------+-------+-------+-------++-------
  Melee: Trident           |    26 |     2 |       |       ||    28
         Headbutt          |     3 |     6 |    14 |    78 ||   101
         Halberd           |       |    15 |    51 |   314 ||   380
    Use: Potion            |       |       |     3 |    14 ||    17
         Scroll            |       |       |       |     3 ||     3
 Armour: Scale mail        |    11 |       |       |       ||    11
         Plate armour      |       |     9 |    23 |    52 ||    84
         Storm dragon scal |       |       |       |    52 ||    52
  Dodge: Dodged            |     6 |    10 |    10 |    59 ||    85
  Block: Buckler           |     4 |       |       |       ||     4
